Workbook

Sheet MENÚ
D4: DE | G4: DJ | J4: DA
D11: REUNIONES | G11: JOVENES | J11: EVENTOS
D18: TURISMO | G18: RUT | J18: PROGRAMAS
D25: COMISIONES | J25: COBERTURA

Sheet GENERAL
B3: NUM. | C3: FECHA | D3: HORA | E3: MODALIDAD | F3: MCPIO/PLATAFORMA | G3: ESPACIO | H3: ALIADO | I3: EVENTO | J3: ASIST. | K3: DURACIÓN | L3: ÁREA | M3: ESTADO
B4: 1 | C4: 44963 | E4: Virtual | F4: N/I | H4: CCMMNA | I4: Registro de marca | K4: 2 | L4: DJ | M4: Sin ejecutar
C5: 44972 | E5: Virtual | F5: Teams | G5: NA | I5: Sistema de información de alojamiento turistico | J5: 44 | K5: 2 | L5: DJ
B6: 2 | C6: 44973 | E6: Presencial | F6: Anori | H6: RISES | I6: Costos de productos | K6: 2 | L6: DE | M6: Sin ejecutar
B7: 3 | C7: 44978 | E7: Presencial | F7: El Bagre | H7: RISES | I7: Como presentar tu portafolio comercial | K7: 2 | L7: DE | M7: Sin ejecutar
B8: 4 | C8: 44978 | E8: Presencial | F8: Puerto Berrio | H8: DIAN | I8: Capacitación en Régimen Simple de Tributación | J8: 6 | K8: 2 | L8: DA
B9: 5 | C9: 44978 | E9: Presencial | F9: Puerto Berrio | H9: DIAN | I9: Jornada de actualizacón del RUT | J9: 83 | K9: 8 | L9: DA
B10: 6 | C10: 44979 | E10: Presencial | F10: Puerto Berrio | H10: DIAN | I10: Jornada de actualizacón del RUT | J10: 50 | K10: 4 | L10: DA
B11: 7 | C11: 44979 | E11: Virtual | F11: N/I | H11: CCMMNA | I11: Tarde del empresario: Servicio al cliente | J11: 43 | K11: 2 | L11: DE
B12: 8 | C12: 44980 | E12: Presencial | F12: Puerto Berrio | H12: CCMMNA | I12: Ruta Estratégica de Desarrollo Regional | J12: 13 | K12: 2 | L12: DE
B13: 9 | C13: 44985 | E13: Virtual | F13: N/I | H13: RISES | I13: Costos de productos | K13: 2 | L13: DE | M13: Sin ejecutar
B14: 10 | C14: 44986 | E14: Virtual | F14: N/I | H14: CCMMNA | I14: Trámites ante el invima | K14: 2 | L14: DJ | M14: Sin ejecutar
B15: 11 | C15: 44987 | E15: Presencial | F15: Puerto Berrio | H15: Policia | I15: Seguridad comercial | J15: 22 | K15: 2
B16: 12 | C16: 44994 | E16: Presencial | F16: Nechi | H16: OWL | I16: Fotográfia de productos | K16: 2 | L16: DE | M16: Sin ejecutar
B17: 13 | C17: 45001 | E17: Presencial | F17: Maceo | H17: SENA | I17: Manipulación de alimentos | K17: 2 | L17: DE
B18: 14 | C18: 45006 | E18: Presencial | F18: Puerto Berrio | H18: SENA | I18: Manipulación de alimentos | K18: 2 | L18: DE
B19: 15 | C19: 45007 | E19: Virtual | F19: N/I | H19: DIAN | I19: Tarde del empresario: Facturación y nómina electrónica | J19: 150 | K19: 2 | L19: DE
B20: 16 | C20: 45009 | E20: Presencial | F20: Puerto Nare | H20: SENA | I20: Manipulación de alimentos | K20: 2 | L20: DE
B21: 17 | C21: 45012 | E21: Presencial | F21: Puerto Triunfo | H21: SENA | I21: Manipulación de alimentos | K21: 2 | L21: DE
B22: 18 | C22: 45028 | D22: 4:00p.m. a 6:00p.m. | E22: Presencial | F22: Puerto Nare | H22: RISES | I22: Servicio al cliente | J22: 39 | K22: 2 | L22: DE
C23: 45028 | D23: 3:00p.m. a 5:00p.m. | E23: Virtual | F23: N/I | G23: NA | H23: Logyca | I23: Lleva la logystica de su negocio a otro nivel | J23: 23 | K23: 2
B24: 19 | C24: 45028 | E24: Presencial | F24: Segovia | H24: DIAN | I24: Régimen simple de tributación, nómina y factura electrónica | K24: 2 | L24: DA | M24: Pendiente
B25: 20 | C25: 45029 | E25: Presencial | F25: Puerto Triunfo | H25: DIAN | I25: SIAT | K25: 2 | L25: DJ | M25: Pendiente
B26: 21 | C26: 45035 | E26: Virtual | F26: N/I | H26: CCU | I26: Tarde del empresario: Trámite de alimentos ante el invima | J26: 41 | K26: 2 | L26: DE
B27: 22 | C27: 45035 | D27: 6:30p.m. a 8:30p.m. | E27: Presencial | F27: Puerto Berrio | G27: Auditorio CCMMNA | H27: RISES | I27: Servicio al cliente | J27: 33 | K27: 2 | L27: DE
B28: 23 | C28: 45036 | D28: 4:00p.m. a 6:00p.m. | E28: Presencial | F28: Puerto Triunfo - Doradal | G28: Hotel Yahaya | H28: RISES | I28: Servicio al cliente | J28: 38 | K28: 2 | L28: DE
C29: 45037 | D29: 4:00p.m. a 6:00p.m. | E29: Presencial | F29: San Roque | G29: Parque eductaivo | H29: RISES | I29: Creación de productos turisticos | K29: 2
B30: 24 | C30: 45037 | E30: Virtual | F30: N/I | H30: Comfama | I30: Conexión a la seguridad social | J30: 14 | K30: 2 | L30: DE
B31: 25 | C31: 45042 | D31: 3:00p.m. a 5:00p.m. | E31: Presencial | F31: Remedios | G31: Parque Educativo | H31: RISES | I31: Servicio al cliente | J31: 40 | K31: 2 | L31: DE
B32: 26 | C32: 45043 | E32: Presencial | F32: El Bagre | H32: DIAN | I32: Régimen simple de tributación, nómina y factura electrónica | K32: 2 | L32: DA
B33: 27 | C33: 45049 | D33: 4:00p.m. a 6:00p.m. | E33: Presencial | F33: San Roque | G33: Parque Educativo “Dulce Aroma Del Saber”. Aula #1 | H33: RISES | I33: Servicio al cliente | K33: 2 | L33: DE | M33: Info Ana Maria
C34: 45049 | D34: 4:00p.m. a 6:00p.m. | E34: Presencial | F34: San Roque | G34: Parque Educativo | H34: Rises | I34: Servicio al cliente | J34: 21
C35: 45049 | D35: 4:00p.m. a 6:00p.m. | E35: Virtual | F35: NA | G35: Teams | H35: Basilio Vicens | I35: Costeo de Experiencias Turisticas | J35: 16
B36: 28 | C36: 45050 | D36: 4:00p.m. a 6:00p.m. | E36: Presencial | F36: Vegachí | H36: Comfama | I36: Conexión a la seguridad social
B37: 29 | C37: 45052 | D37: 09:00a.m. a 11:00a.m | E37: Presencial | F37: Amalfi | H37: Comfama | I37: Conexión a la seguridad social
B38: 30 | C38: 45056 | D38: 4:00p.m. a 6:00p.m. | E38: Presencial | F38: Caracolí | G38: Biblioteca publica municipal | H38: RISES | I38: Servicio al cliente | J38: 17 | K38: 2 | L38: DE
B39: 31 | C39: 45056 | E39: Presencial | F39: Cisneros | H39: DIAN | I39: Régimen simple de tributación, nómina y factura electrónica | K39: 2 | L39: DA | M39: Actuaizar. Solicitar fechas a DIAN
C40: 45056 | D40: 09:00a.m. a 11:00a.m | E40: Presencial | F40: Puerto Berrío | G40: Auditorio CCMMNA | H40: SENA | I40: Jóvenes en cámara | J40: 90 | K40: 2 | L40: DE
B41: 32 | C41: 45057 | D41: 4:00p.m. a 6:00p.m. | E41: Presencial | F41: Yolombó | G41: Parque educativo "Barbara Caballero y Alzate". Aula #1 | H41: RISES | I41: Servicio al cliente | K41: 2 | L41: DE
B42: 33 | C42: 45062 | D42: 02:00p.m a 4:00p.m. | E42: Presencial | F42: Puerto triunfo | H42: Comfama | I42: Conexión a la seguridad social
B43: 34 | C43: 45063 | D43: 03:00p.m. a 05:00p.m. | E43: Virtual | F43: N/I | H43: CCU | I43: Tarde del empresario: Manejor de redes sociales para la promoción de tu negocio | K43: 2 | L43: DE | M43: Validar en drive
B44: 35 | C44: 45065 | D44: 3:00p.m. a 05:00p.m. | E44: Virtual | F44: N/I | G44: NA | H44: RISES | I44: SECOP | K44: 2 | M44: 3 A 5 p.m.
C45: 45065 | D45: 3:00p.m. a 5:00p.m. | E45: Virtual | F45: NA | G45: Teams | H45: RISES | I45: Generalidades del SECOP II | J45: 34
B46: 36 | C46: 45066 | D46: 09:00a.m a 11:00a.m. | E46: Presencial | F46: El Bagre | H46: Comfama | I46: Conexión a la seguridad social
B47: 37 | C47: 45070 | E47: Presencial | F47: Amalfi | H47: SENA | I47: Manipulación de alimentos | K47: 2 | L47: DE
B48: 38 | C48: 45071 | E48: Presencial | F48: San Roque | H48: DIAN | I48: Régimen simple de tributación, nómina y factura electrónica | K48: 2 | L48: DA
B49: 39 | C49: 45071 | E49: Presencial | F49: Anori | H49: SENA | I49: Manipulación de alimentos | K49: 2 | L49: DE
B50: 40 | C50: 45073 | D50: 09:00a.m. a 11:00a.m. | E50: Presencial | F50: Puerto Berrio | H50: Comfama | I50: Conexión a la seguridad social
B51: 41 | C51: 45076 | E51: Presencial | F51: Caracolí | H51: SENA | I51: Manipulación de alimentos | K51: 2 | L51: DE
B52: 42 | C52: 45078 | E52: Presencial | F52: Cisneros | H52: SENA | I52: Manipulación de alimentos | K52: 2 | L52: DE | M52: Pendiente
B53: 43 | C53: 45083 | E53: Presencial | F53: El Bagre | H53: SENA | I53: Manipulación de alimentos | K53: 2 | L53: DE | M53: Pendiente
B54: 44 | C54: 45085 | E54: Presencial | F54: Nechi | H54: SENA | I54: Manipulación de alimentos | K54: 2 | L54: DE | M54: Pendiente
B55: 45 | C55: 45084 | E55: Presencial | F55: Virtual | H55: DIAN | I55: Régimen simple de tributación, nómina y factura electrónica | K55: 2 | L55: DE
B56: 46 | C56: 45090 | D56: 4:00p.m. A 06:00p.m. | E56: Presencial | F56: Maceo | H56: RISES | I56: Servicio al cliente | K56: 2 | L56: DE
B57: 47 | C57: 45091 | D57: 4:00p.m. A 06:00p.m. | E57: Presencial | F57: Yalí | H57: RISES | I57: Servicio al cliente | K57: 2 | L57: DE
B58: 48 | C58: 45092 | D58: 4:00p.m. A 06:00p.m. | E58: Presencial | F58: Amalfi | H58: RISES | I58: Servicio al cliente | K58: 2 | L58: DE
B59: 49 | C59: 45092 | E59: Presencial | F59: Maceo | H59: DIAN | I59: Régimen simple de tributación, nómina y factura electrónica | K59: 2 | L59: DA | M59: Pendiente
B60: 50 | C60: 45093 | D60: 4:00p.m. A 06:00p.m. | E60: Presencial | F60: Yondó | H60: RISES | I60: Servicio al cliente | K60: 2 | L60: DE
B61: 51 | C61: 45097 | E61: Presencial | F61: Puerto Berrio | H61: DIAN | I61: Contribucion parafiscal | K61: 2 | L61: DA | M61: Pendiente
B62: 52 | C62: 45098 | D62: 3:00p.m. A 05:00p.m. | E62: Virtual | F62: N/I | H62: CCMMNA | I62: Tarde del empresario: Nuevos emprendimientos basados en economía circular | K62: 2 | L62: DE
B63: 53 | C63: 45101 | E63: Presencial | F63: Puerto Triunfo | H63: DIAN | I63: RNT | K63: 2 | L63: DJ | M63: Pendiente
B64: 54 | C64: 45104 | E64: Presencial | F64: Puerto Berrio | H64: DIAN | I64: Régimen simple de tributación, nómina y factura electrónica | K64: 2 | L64: DA | M64: Pendiente
B65: 55 | C65: 45111 | E65: Presencial | F65: Segovia | H65: SENA | I65: Manipulación de alimentos | K65: 2 | L65: DE | M65: Pendiente
B66: 56 | C66: 45112 | E66: Presencial | F66: Remedios | H66: SENA | I66: Manipulación de alimentos | K66: 2 | L66: DE | M66: Pendiente
B67: 57 | C67: 45113 | E67: Presencial | F67: Vegachi | H67: SENA | I67: Manipulación de alimentos | K67: 2 | L67: DE | M67: Pendiente
B68: 58 | C68: 45114 | E68: Presencial | F68: Yali | H68: SENA | I68: Manipulación de alimentos | K68: 2 | L68: DE | M68: Pendiente
B69: 59 | C69: 45117 | E69: Presencial | F69: Yolombó | H69: SENA | I69: Manipulación de alimentos | K69: 2 | L69: DE | M69: Pendiente
C70: 45117 | D70: 09:00am. a 12:00m | E70: Presencial | F70: Puerto Nare | H70: SENA | I70: Manipulación de alimentos | K70: 3 | L70: DE
B71: 60 | C71: 45118 | E71: Presencial | F71: San Roque | H71: SENA | I71: Manipulación de alimentos | K71: 2 | L71: DE | M71: Pendiente
B72: 61 | C72: 45120 | D72: 04:00p.m. a 06:00p.m | E72: Presencial | F72: El Bagre | H72: RISES | I72: Gestión financiera | K72: 2 | L72: DA
B73: 62 | C73: 45124 | D73: 03:00p.m. a 05:00p.m. | E73: Virtual | F73: N/I | H73: RISES | I73: Servicio al cliente | K73: 2 | L73: DE
B74: 63 | C74: 45126 | D74: 03:00p.m. a 05:00p.m. | E74: Virtual | F74: N/I | H74: CCMMNA | I74: Tarde del empresario: Charla RNT | K74: 2 | L74: DE
C75: 45131 | D75: 09:00a.m. a 12:00m | E75: Presencial | F75: Puerto Triunfo | H75: SENA | I75: Manipulación de alimentos | K75: 3 | L75: DE
B76: 64 | C76: 45134 | D76: 04:00p.m. a 06:00p.m | E76: Presencial | F76: Zaragoza | H76: RISES | I76: Costos de productos | K76: 2 | L76: DE
B77: 65 | C77: 45134 | E77: Presencial | F77: Puerto triunfo | H77: DIAN | I77: Régimen simple de tributación, nómina y factura electrónica | K77: 2 | L77: DA | M77: Pendiente
B78: 68 | C78: 45139 | D78: 03:00p.m. a 05:00p.m. | E78: Virtual | F78: N/I | H78: Rises | I78: Fotografía de productos para tus redes sociales | K78: 2 | L78: DE
B79: 69 | C79: 45146 | D79: 03:00p.m. a 05:00p.m. | E79: Virtual | F79: N/I | H79: Rises | I79: Costos de productos y servicios | K79: 2 | L79: DJ
C80: 45148 | D80: 03:00p.m. a 05:00p.m. | E80: Virtual | F80: N/I | H80: Rises | I80: Como presentar tu portafolio comercial | K80: 2
B81: 70 | C81: 45152 | D81: 09:00a.m. a 12:00m | E81: Presencial | F81: Segovia | H81: SENA | I81: Higiene y Manipulación de alimentos | K81: 2 | L81: DE
C82: 45156 | D82: 04:00p.m. a 06:00p.m | E82: Presencial | F82: Anorí | H82: Rises | I82: Servicio al cliente | K82: 2
B83: 72 | C83: 45168 | D83: 03:00p.m. a 05:00p.m. | E83: Virtual | F83: N/I | H83: CCU | I83: Tarde del empresario: Registro de marca | K83: 2 | L83: DE
B84: 73 | C84: 45163 | D84: 04:00p.m. a 06:00p.m | E84: Presencial | F84: Yondó | H84: Rises | I84: Servicio al cliente | K84: 2 | L84: DE
B85: 74 | C85: 45167 | D85: 04:00p.m. a 06:00p.m | E85: Presencial | F85: Segovia | H85: Rises | I85: Costos de productos y servicios | K85: 2 | L85: DE
B86: 75 | C86: 45169 | D86: 04:00p.m. a 06:00p.m | E86: Presencial | F86: San Roque | H86: RISES | I86: Manejo de nómina y prestaciones sociales | K86: 2 | L86: DA
B87: 76 | C87: 45173 | D87: 10:00a.m a 12:00m | E87: Presencial | F87: Remedios | H87: SENA | I87: Manipulación de alimentos | K87: 2 | L87: DE
B88: 77 | C88: 45175 | D88: 04:00p.m. a 06:00p.m | E88: Presencial | F88: Anorí | G88: Concejo Municipal | H88: Rises | I88: Servicio al cliente | K88: 2 | L88: DE
B89: 78 | C89: 45176 | D89: 04:00p.m. a 06:00p.m | E89: Presencial | F89: Amalfi | G89: Auditorio "Alberto Ibarbo Sepúlveda" | H89: Rises | I89: Costos de productos y servicios | K89: 2 | L89: DA
B90: 79 | C90: 45183 | D90: 04:00p.m. a 06:00p.m | E90: Presencial | F90: Puerto Berrío | G90: Auditorio CCMMNA | H90: Rises | I90: Fotografía de productos para tus redes sociales | K90: 2 | L90: DJ
B91: 80 | C91: 45189 | D91: 03:00p.m. a 05:00p.m. | E91: Virtual | F91: Teams | G91: Teams | H91: Rises | I91: Cómo tener ventas efectivas | K91: 2 | L91: DJ
B92: 81 | C92: 45191 | D92: 03:00p.m. a 05:00p.m. | E92: Presencial | F92: Vegachí | G92: Parque educativo "Maruja Martinez" | H92: Rises | I92: Servicio al cliente | K92: 2 | L92: DE
B93: 82 | C93: 45194 | D93: 10:00a.m a 12:00m | E93: Presencial | F93: Vegachí | G93: Parque educativo "Maruja Martinez" | H93: SENA | I93: Manipulación de alimentos | K93: 2 | L93: DE
B94: 83 | C94: 45194 | D94: 03:00p.m. a 05:00p.m. | E94: Virtual | F94: Teams | G94: Teams | H94: Rises | I94: Manejo efectivo de redes sociales | K94: 2 | L94: DE
B95: 84 | C95: 45196 | D95: 03:00p.m. a 05:00p.m. | E95: Virtual | F95: Teams | G95: Teams | H95: CCU | I95: Tarde del empresario - Definir Urgente. | K95: 2 | L95: DE
B96: 86 | C96: 45198 | D96: 03:00p.m. a 05:00p.m. | E96: Virtual | F96: Teams | G96: Teams | H96: Rises | I96: Manejo de canvas | K96: 2 | L96: DE
B97: 87 | C97: 45201 | E97: Presencial | F97: Nechi | H97: RISES | I97: Habilidades administrativas y financieras | K97: 2 | L97: DA
B98: 88 | C98: 45204 | E98: Presencial | F98: Remedios | H98: RISES | I98: Como presentar tu portafolio comercial | K98: 2 | L98: DE
B99: 89 | C99: 45209 | E99: Presencial | F99: Puerto Berrio | H99: RISES | I99: Servicio al cliente | K99: 2 | L99: DE
B100: 90 | C100: 45211 | E100: Presencial | F100: Cisneros | H100: RISES | I100: Servicio al cliente | K100: 2 | L100: DE
B101: 91 | C101: 45217 | E101: Presencial | F101: Nechi | H101: CCMMNA | I101: Esales | K101: 2 | L101: DJ
B102: 92 | C102: 45218 | E102: Presencial | F102: Anori | H102: OWL | I102: Fotográfia de productos | K102: 2 | L102: DE
...

Sheet DESARROLLO EMPRESARIAL
E2: FORMACIONES DESARROLLO EMPRESARIAL | N2: RETORNO
E4: NUM. | F4: FECHA | G4: MODALIDAD | H4: MUNICIPIO/PLATAFORMA | I4: ALIADO | J4: EVENTO | K4: ASISTENTES | L4: DURACIÓN
E5: 1 | F5: 44959 | G5: Presencial | H5: Anori | I5: Rises | J5: Costos de productos | L5: 2
E6: 2 | F6: 44971 | G6: Presencial | H6: Cisneros | I6: Rises | J6: Servicio al cliente | L6: 2
F7: 44978 | G7: Presencial | H7: Puerto Berrio | I7: Dian | J7: Capacitación en Régimen Simple de Tributación | K7: 6 | L7: 2
E8: 3 | F8: 44979 | G8: Virtual | H8: N/I | I8: CCMMNA | J8: Tarde del empresario: "El arte de servir con estilo" | K8: 7 | L8: 2
E9: 4 | F9: 44985 | G9: Virtual | H9: N/I | I9: Rises | J9: Costos de productos | L9: 2
F10: 44987 | G10: Presencial | H10: Puerto Berrio | I10: Policia | J10: Seguridad comercial | K10: 22
E11: 5 | F11: 44992 | G11: Presencial | H11: El Bagre | I11: Rises | J11: Como presentar tu portafolio comercial | L11: 2
E12: 6 | F12: 44994 | G12: Presencial | H12: Nechi | I12: OWL | J12: Fotográfia de productos | L12: 2
E13: 7 | F13: 45001 | G13: Presencial | H13: Zaragoza | I13: Rises | J13: Servicio al cliente | L13: 2
E14: 8 | F14: 45006 | G14: Presencial | H14: Yondo | I14: Rises | J14: Servicio al cliente | L14: 2
F15: 45008 | G15: Presencial | H15: Puerto Berrio | I15: CCMMNA | J15: Ruta Estratégica de Desarrollo Regional | K15: 13
E16: 9 | F16: 45009 | G16: Presencial | H16: Yali | I16: Rises | J16: Servicio al cliente | L16: 2
E17: 10 | F17: 45012 | G17: Presencial | H17: Amalfi | I17: Rises | J17: Servicio al cliente | L17: 2
E18: 11 | F18: 45007 | G18: Virtual | H18: N/I | I18: Dian | J18: Tarde del empresario: Facturación y nómina electrónica | K18: 150 | L18: 2
F19: 45021 | G19: Presencial | H19: Puerto Berrío | I19: CCMMNA | J19: Asesoria empresarial | L19: 2
E20: 12 | F20: 45028 | G20: Presencial | H20: Puerto Nare | I20: Rises | J20: Servicio al cliente | K20: 39 | L20: 2
F21: 45028 | G21: Virtual | H21: Puerto Berrío | I21: Logyca | J21: Lleva la logística de tu negocio a otro nivel | K21: 23 | L21: 2
E22: 13 | F22: 45035 | G22: Virtual | H22: Puerto Berrío | I22: CCU | J22: Tarde del empresario: Tramites y requisitos de alimentos ante el INVIMA | K22: 1 | L22: 2
F23: 45035 | G23: Virtual | H23: Amalfi | I23: CCU | J23: Tarde del empresario: Tramites y requisitos de alimentos ante el INVIMA | K23: 1 | L23: 2
F24: 45035 | G24: Virtual | H24: Anorí | I24: CCU | J24: Tarde del empresario: Tramites y requisitos de alimentos ante el INVIMA | K24: 1 | L24: 2
F25: 45035 | G25: Virtual | H25: Caracolí | I25: CCU | J25: Tarde del empresario: Tramites y requisitos de alimentos ante el INVIMA | K25: 1 | L25: 2
F26: 45035 | G26: Virtual | H26: Cisneros | I26: CCU | J26: Tarde del empresario: Tramites y requisitos de alimentos ante el INVIMA | K26: 1 | L26: 2
F27: 45035 | G27: Virtual | H27: El Bagre | I27: CCU | J27: Tarde del empresario: Tramites y requisitos de alimentos ante el INVIMA | K27: 1 | L27: 2
F28: 45035 | G28: Virtual | H28: Maceo | I28: CCU | J28: Tarde del empresario: Tramites y requisitos de alimentos ante el INVIMA | K28: 2 | L28: 2
F29: 45035 | G29: Virtual | H29: Puerto Nare | I29: CCU | J29: Tarde del empresario: Tramites y requisitos de alimentos ante el INVIMA | K29: 4 | L29: 2
F30: 45035 | G30: Virtual | H30: Puerto Triunfo | I30: CCU | J30: Tarde del empresario: Tramites y requisitos de alimentos ante el INVIMA | K30: 2 | L30: 2
F31: 45035 | G31: Virtual | H31: San Roque | I31: CCU | J31: Tarde del empresario: Tramites y requisitos de alimentos ante el INVIMA | K31: 2 | L31: 2
F32: 45035 | G32: Virtual | H32: Yolombó | I32: CCU | J32: Tarde del empresario: Tramites y requisitos de alimentos ante el INVIMA | K32: 1 | L32: 2
F33: 45035 | G33: Virtual | H33: Yondó | I33: CCU | J33: Tarde del empresario: Tramites y requisitos de alimentos ante el INVIMA | K33: 1 | L33: 2
E34: 14 | F34: 45035 | G34: Presencial | H34: Puerto Berrío | I34: Rises | J34: Servicio al cliente | K34: 34 | L34: 2
F35: 45037 | G35: Virtual | H35: Puerto Berrío | I35: Comfama | J35: Conexión a la seguridad social | K35: 11 | L35: 2
F36: 45037 | G36: Virtual | H36: Remedios | I36: Comfama | J36: Conexión a la seguridad social | K36: 1
F37: 45037 | G37: Presencial | H37: San Roque | I37: CCMMNA | J37: Creación de productos turisticos | L37: 2
E38: 15 | F38: 45042 | G38: Presencial | H38: Remedios | I38: Rises | J38: Servicio al cliente | K38: 40 | L38: 2
E39: 16 | F39: 45036 | G39: Presencial | H39: Puerto Triunfo | I39: Rises | J39: Servicio al cliente | K39: 39 | L39: 2
F40: 45049 | G40: Virtual | H40: Amalfi | J40: Costeo de Experiencias Turisticas | K40: 1 | L40: 2
F41: 45049 | G41: Virtual | H41: Cisneros | J41: Costeo de Experiencias Turisticas | K41: 1 | L41: 2
F42: 45049 | G42: Virtual | H42: Maceo | J42: Costeo de Experiencias Turisticas | K42: 1 | L42: 2
F43: 45049 | G43: Virtual | H43: Puerto Berrío | J43: Costeo de Experiencias Turisticas | K43: 5 | L43: 2
F44: 45049 | G44: Virtual | H44: Puerto Triunfo | J44: Costeo de Experiencias Turisticas | K44: 2 | L44: 2
F45: 45049 | G45: Presencial | H45: San Roque | I45: Rises | J45: Servicio al cliente | K45: 21 | L45: 2
E46: 18 | F46: 45049 | G46: Presencial | H46: Vegachí | I46: Rises | J46: Servicio al cliente | L46: 2
E47: 19 | F47: 45050 | G47: Presencial | H47: Segovia | I47: Rises | J47: Servicio al cliente | L47: 2
E48: 20 | F48: 45056 | G48: Presencial | H48: Caracolí | I48: Rises | J48: Servicio al cliente | K48: 17 | L48: 2
E49: 21 | F49: 45057 | G49: Presencial | H49: Yolombó | I49: Rises | J49: Servicio al cliente | K49: 9 | L49: 2
F50: 45065 | G50: Virtual | H50: Cisneros | I50: Rises | J50: Generalidades de SECOP II | K50: 1 | L50: 2
F51: 45065 | G51: Virtual | H51: Maceo | I51: Rises | J51: Generalidades de SECOP II | K51: 1 | L51: 2
F52: 45065 | G52: Virtual | H52: Puerto Berrío | I52: Rises | J52: Generalidades de SECOP II | K52: 5 | L52: 2
F53: 45065 | G53: Virtual | H53: Puerto Nare | I53: Rises | J53: Generalidades de SECOP II | K53: 1 | L53: 2
F54: 45065 | G54: Virtual | H54: San Roque | I54: Rises | J54: Generalidades de SECOP II | K54: 3 | L54: 2
F55: 45065 | G55: Virtual | H55: Yalí | I55: Rises | J55: Generalidades de SECOP II | K55: 2 | L55: 2
F56: 45065 | G56: Virtual | H56: Yolombó | I56: Rises | J56: Generalidades de SECOP II | K56: 1 | L56: 2
F57: 45065 | G57: Virtual | H57: Yondó | I57: Rises | J57: Generalidades de SECOP II | K57: 4 | L57: 2
E58: 25 | F58: 45098 | G58: Virtual | H58: Amalfi | I58: CCMMNA | J58: Tarde del empresario: Nuevos Emprendimientos Basados en Economía Circular | K58: 2 | L58: 2
F59: 45098 | G59: Virtual | H59: Caracolí | I59: CCMMNA | J59: Tarde del empresario: Nuevos Emprendimientos Basados en Economía Circular | K59: 1 | L59: 2
F60: 45098 | G60: Virtual | H60: El Bagre | I60: CCMMNA | J60: Tarde del empresario: Nuevos Emprendimientos Basados en Economía Circular | K60: 2 | L60: 2
F61: 45098 | G61: Virtual | H61: Maceo | I61: CCMMNA | J61: Tarde del empresario: Nuevos Emprendimientos Basados en Economía Circular | K61: 1 | L61: 2
F62: 45098 | G62: Virtual | H62: Puerto Berrío | I62: CCMMNA | J62: Tarde del empresario: Nuevos Emprendimientos Basados en Economía Circular | K62: 2 | L62: 2
F63: 45098 | G63: Virtual | H63: Puerto Triunfo | I63: CCMMNA | J63: Tarde del empresario: Nuevos Emprendimientos Basados en Economía Circular | K63: 1 | L63: 2
F64: 45098 | G64: Virtual | H64: Segovia | I64: CCMMNA | J64: Tarde del empresario: Nuevos Emprendimientos Basados en Economía Circular | K64: 1 | L64: 2
F65: 45098 | G65: Virtual | H65: Yondó | I65: CCMMNA | J65: Tarde del empresario: Nuevos Emprendimientos Basados en Economía Circular | K65: 3 | L65: 2
E66: 26 | F66: 45078 | G66: Presencial | H66: Cisneros | I66: SENA | J66: Manipulación de alimentos | L66: 2
F67: 45084 | G67: Virtual | H67: Amalfi | I67: Dian | J67: Regimen Simple de tributación, nómina y facturación electrónica | K67: 1 | L67: 2
F68: 45084 | G68: Virtual | H68: Maceo | I68: Dian | J68: Regimen Simple de tributación, nómina y facturación electrónica | K68: 1 | L68: 2
F69: 45084 | G69: Virtual | H69: Puerto Berrío | I69: Dian | J69: Regimen Simple de tributación, nómina y facturación electrónica | K69: 8 | L69: 2
F70: 45084 | G70: Virtual | H70: Remedios | I70: Dian | J70: Regimen Simple de tributación, nómina y facturación electrónica | K70: 2 | L70: 2
F71: 45084 | G71: Virtual | H71: San Roque | I71: Dian | J71: Regimen Simple de tributación, nómina y facturación electrónica | K71: 2 | L71: 2
F72: 45084 | G72: Virtual | H72: Segovia | I72: Dian | J72: Regimen Simple de tributación, nómina y facturación electrónica | K72: 2 | L72: 2
F73: 45084 | G73: Virtual | H73: Yondó | I73: Dian | J73: Regimen Simple de tributación, nómina y facturación electrónica | K73: 3 | L73: 2
E74: 27 | F74: 45090 | G74: Presencial | H74: Maceo | I74: Rises | J74: Servicio al cliente | K74: 14 | L74: 2
E75: 28 | F75: 45091 | G75: Presencial | H75: Yalí | I75: Rises | J75: Servicio al cliente | K75: 8 | L75: 2
E76: 29 | F76: 45092 | G76: Presencial | H76: Amalfi | I76: Rises | J76: Servicio al cliente | K76: 19 | L76: 2
F77: 45093 | G77: Presencial | H77: Cisneros | I77: Rises | J77: Servicio al cliente | K77: 45 | L77: 2
F78: 45099 | G78: Presencial | H78: Segovia | I78: Rises | J78: Facturación Electrónica | K78: 15 | L78: 2
E79: 30 | F79: 45106 | G79: Presencial | H79: Puerto Berrío | I79: SENA | J79: Manipulación de alimentos | K79: 19 | L79: 2
E80: 32 | F80: 45093 | G80: Presencial | H80: Puerto Triunfo | I80: SENA | J80: Manipulación de alimentos | L80: 2
F81: 45104 | G81: Virtual | H81: Cisneros | I81: Tiendex | J81: ¿Emprender o sobrevivir en el intento? | K81: 4 | L81: 2
F82: 45104 | G82: Virtual | H82: Maceo | I82: Tiendex | J82: ¿Emprender o sobrevivir en el intento? | K82: 1 | L82: 2
F83: 45104 | G83: Virtual | H83: Puerto Berrío | I83: Tiendex | J83: ¿Emprender o sobrevivir en el intento? | K83: 6 | L83: 2
F84: 45104 | G84: Virtual | H84: San Roque | I84: Tiendex | J84: ¿Emprender o sobrevivir en el intento? | K84: 2 | L84: 2
F85: 45104 | G85: Virtual | H85: Yalí | I85: Tiendex | J85: ¿Emprender o sobrevivir en el intento? | K85: 1 | L85: 2
F86: 45104 | G86: Virtual | H86: Yondó | I86: Tiendex | J86: ¿Emprender o sobrevivir en el intento? | K86: 1 | L86: 2
F87: 45104 | G87: Virtual | H87: Yolombó | I87: Tiendex | J87: ¿Emprender o sobrevivir en el intento? | K87: 1 | L87: 2
E88: 33 | F88: 45106 | G88: Presencial | H88: Puerto Berrío | I88: SENA | J88: Manipulación de alimentos | K88: 19 | L88: 2
E89: 34 | F89: 45117 | G89: Presencial | H89: Puerto Nare | I89: SENA | J89: Manipulación de alimentos | K89: 45 | L89: 2
E90: 35 | F90: 45120 | G90: Presencial | H90: El Bagre | I90: SENA | J90: Gestión financiera | K90: 12 | L90: 2
F91: 45120 | G91: Presencial | H91: El Bagre | I91: Rises | J91: Gestión financiera | K91: 12 | L91: 2
E92: 36 | F92: 45124 | G92: Virtual | H92: Cisneros | I92: Rises | J92: Servicio al cliente | K92: 1 | L92: 2
F93: 45124 | G93: Virtual | H93: Puerto Berrío | I93: Rises | J93: Servicio al cliente | K93: 9 | L93: 2
F94: 45124 | G94: Virtual | H94: Puerto Triunfo | I94: Rises | J94: Servicio al cliente | K94: 1 | L94: 2
F95: 45124 | G95: Virtual | H95: Remedios | I95: Rises | J95: Servicio al cliente | K95: 1 | L95: 2
F96: 45124 | G96: Virtual | H96: San Roque | I96: Rises | J96: Servicio al cliente | K96: 2 | L96: 2
F97: 45124 | G97: Virtual | H97: Yolombó | I97: Rises | J97: Servicio al cliente | K97: 1 | L97: 2
F98: 45124 | G98: Virtual | H98: Yondó | I98: Rises | J98: Servicio al cliente | K98: 2 | L98: 2
F99: 45124 | G99: Virtual | H99: Vegachí | I99: Rises | J99: Servicio al cliente | K99: 1 | L99: 2
E100: 37 | F100: 45126 | G100: Virtual | H100: Amalfi | I100: CCU | J100: Tarde del empresario: Charla RNT | K100: 1 | L100: 2
F101: 45126 | G101: Virtual | H101: Cisneros | I101: CCU | J101: Tarde del empresario: Charla RNT | K101: 1 | L101: 2
F102: 45126 | G102: Virtual | H102: Maceo | I102: CCU | J102: Tarde del empresario: Charla RNT | K102: 1 | L102: 2
...

Sheet DIRECCIÓN JURÍDICA
E3: FORMACIONES DIRECCIÓN JURÍDICA | N3: RETORNO
E5: NUM. | F5: FECHA | G5: MODALIDAD | H5: MUNICIPIO/PLATAFORMA | I5: ALIADO | J5: EVENTO | K5: ASISTENTES | L5: DURACIÓN
E6: 1 | F6: 44963 | G6: Virtual | H6: N/I | J6: Registro de marca
E7: 2 | F7: 44986 | G7: Virtual | H7: N/I | J7: Trámites ante el invima
E8: 3 | F8: 45029 | G8: Presencial | H8: Puerto Triunfo | J8: SIAT
E9: 4 | F9: 02/17/2023 | G9: Virtual | H9: N/I | J9: SIAT | K9: 24
E10: 5 | F10: 45098 | G10: Presencial | H10: Nechi | J10: Alcaldía
E11: 6 | F11: 45099 | G11: Presencial | H11: Puerto Triunfo | J11: RNT
E12: 7 | F12: 45132 | G12: Virtual | H12: N/I | J12: RNT
E13: 8 | F13: 45148 | G13: Virtual | H13: N/I | J13: Formalización empresarial
E14: 9 | F14: 45182 | G14: Presencial | H14: Segovia | J14: Formalización empresarial
E15: 10 | F15: 45217 | G15: Presencial | H15: Nechi | J15: Esales
E16: 11 | F16: 45252 | G16: Presencial | H16: El Bagre | J16: Esales
K17: =SUM(K6:K16) -> 24 | L17: =SUM(L6:L16) -> 0

Sheet DIRECCIÓN ADMINISTRATIVA 
B2: FORMACIONES DIRECCIÓN ADMINISTRATIVA Y FINANCIERA | K2: RETORNO
B4: NUM. | C4: FECHA | D4: MODALIDAD | E4: MUNICIPIO/PLATAFORMA | F4: ALIADO | G4: EVENTO | H4: ASISTENTES | I4: DURACIÓN
B5: 1 | C5: 44966 | D5: Presencial | E5: Segovia | F5: Dian | G5: Regimen simple de tributación, nómina y factura electronica | I5: 2
C6: 44978 | D6: Presencial | E6: Puerto Berrio | F6: Dian | G6: Capacitación en Régimen Simple de Tributación
C7: 44978 | D7: Presencial | E7: Puerto Berrio | F7: Dian | G7: Jornada de actualizacón del RUT | H7: 83
C8: 44979 | D8: Presencial | E8: Puerto Berrio | F8: Dian | G8: Jornada de actualizacón del RUT | H8: 50
B9: 2 | C9: 44999 | D9: Presencial | E9: Puerto Berrio | G9: Regimen simple de tributación, nómina y factura electronica | I9: 2
B10: 3 | C10: 45043 | D10: Presencial | E10: El Bagre | G10: Regimen simple de tributación, nómina y factura electronica | I10: 2
B11: 4 | C11: 45063 | D11: Presencial | E11: San Roque | G11: Regimen simple de tributación, nómina y factura electronica | I11: 2
B12: 5 | C12: 45097 | D12: Presencial | E12: Puerto Berrio | G12: Contribucion parafiscal | I12: 2
B13: 6 | C13: 45120 | D13: Presencial | E13: El Bagre | G13: Gestión financiera | I13: 2
B14: 7 | C14: 45169 | D14: Presencial | E14: San Roque | G14: Manejo de nómina y prestaciones sociales | I14: 2
B15: 8 | C15: 45181 | D15: Presencial | E15: Zaragoza | G15: Finanzas corporativas | I15: 2
B16: 9 | C16: 45201 | D16: Presencial | E16: Nechi | G16: Habilidades administrativas y financieras | I16: 2
B17: 10 | C17: 45245 | D17: Presencial | E17: Vegachi | G17: Contabilidad básica para tu negocio | I17: 2
H18: =SUM(H5:H17) -> 133 | I18: =SUM(I5:I17) -> 20

Sheet REUNIONES
A2: REUNIONES | I2: RETORNO
A4: FECHA | B4: MODALIDAD | C4: LUGAR/MUNICIPIO | D4: TEMA | E4: ASISTENTES | F4: INTENSIDAD HORARIA | G4: AREA
A5: 27.02.2023 | B5: Presencial | C5: Medellin | D5: Primera reunión 2023 del Dialogo San Roque
A6: 45027 | B6: Presencial | C6: San Roque | D6: Reunión Junta Asesora CUEE Nordeste | E6: 47 | F6: 4 | G6: DE
E9: =SUM(E5:E8) -> 47 | F9: =SUM(F5) -> 0

Sheet JOVENES EN CÁMARA
A2: JOVENES EN CÁMARA | J2: RETORNO
A4: FECHA | B4: MODALIDAD | C4: MEDIO/LUGAR | D4: ALIADO | E4: EVENTO | F4: ASISTENTES | G4: INTENSIDAD HORARIA | H4: AREA
A5: 23.02.2023 | B5: Presencial | C5: N/I | E5: Ruta Estratégica de Desarrollo Regional | F5: 13 | G5: 2 | H5: DE
A6: 10.05.2023 | B6: Presencial | C6: Puerto Berrio | D6: SENA | E6: Jóvenes en Cámara | F6: 90 | G6: 4
F15: =SUM(F5:F14) -> 103 | G15: =SUM(G5:G14) -> 6

Sheet EVENTOS
A2: EVENTOS | J2: RETORNO
A4: FECHA | B4: MODALIDAD | C4: MEDIO/LUGAR | D4: ALIADO | E4: EVENTO | F4: ASISTENTES | G4: INTENSIDAD HORARIA | H4: AREA
F17: =SUM(F5:F16) -> 0

Sheet TURISMO
A2: TURISMO | J2: RETORNO
A4: FECHA | B4: MODALIDAD | C4: MEDIO/LUGAR | D4: ALIADO | E4: EVENTO | F4: ASISTENTES | G4: INTENSIDAD HORARIA | H4: AREA
F15: =SUM(F5:F14) -> 0

Sheet JORNADAS TRAMITACIÓN RUT
A2: JORNADAS DE TRAMITACIÓN RUT | J2: RETORNO
A4: FECHA | B4: MODALIDAD | C4: MEDIO/LUGAR | D4: ALIADO | E4: EVENTO | F4: ASISTENTES | G4: INTENSIDAD HORARIA | H4: AREA
A5: 21.02.2023 | B5: Presencial | C5: Puerto Berrio | D5: DIAN | E5: Jornada de Expedición y Actualización del RUT | F5: 90
A6: 21.02.2023 | B6: Presencial | C6: Puerto Berrio | D6: DIAN | E6: Jornada de Expedición y Actualización del RUT | F6: 43
F15: =SUM(F5:F14) -> 133

Sheet PROGRAMAS 
A2: PROGRAMAS | J2: RETORNO
A4: FECHA | B4: MODALIDAD | C4: MEDIO/LUGAR | D4: ALIADO | E4: EVENTO | F4: ASISTENTES | G4: INTENSIDAD HORARIA | H4: AREA
A5: 11.01.2023 | B5: Hibrido | D5: CTA | E5: Economía circular empresas | F5: 15
A6: 11.01.2023 | B6: Hibrido | D6: CTA | E6: ofesionale Economía circular profesionales | F6: 15
A7: 11.04.2023 | B7: Hibrido | C7: N/I | E7: Crecer es posible | F7: 89 (inscritos)
F16: =SUM(F5:F15) -> 30

Sheet COMISIONES
A2: COMISIONES | J2: RETORNO
A4: FECHA | B4: MODALIDAD | C4: MEDIO/LUGAR | D4: ALIADO | E4: EVENTO | F4: ASISTENTES | G4: INTENSIDAD HORARIA | H4: AREA
A5: 21.02.2023 | B5: Presencial | C5: Puerto Berrio | E5: Comisión regional CUEE
A6: 21.02.2023 | B6: Presencial | C6: Puerto Berrio | E6: Comisión regional CUEE
A7: 45027 | B7: Presencial | E7: Comisión regional CUEE
F15: =SUM(F5:F14) -> 0

Sheet Gráficas 
B3: DESARROLLO EMPRESARIAL | H3: DESARROLLO JURIDICA | M3: DIRECCIÓN ADMINISTRATIVA
B4: MUNICIPIOS | C4: ASISTENTES | H4: MUNICIPIOS | I4: ASISTENTES | M4: Puerto berrio | N4: 72
B5: Amalfi | C5: 62 | H5: Puerto berrio | I5: 47 | M5: El Bagre | N5: 21
B6: El bagre | C6: 47 | H6: Puerto triunfo | I6: 43 | M6: San roque | N6: 39
B7: El bagre virtual | C7: 3 | H7: Virtual | I7: 156 | M7: Virtual | N7: 293
B8: Caracolí | C8: 121 | H8: Anorí | I8: 22 | N8: 425
B9: Cisneros virtual | C9: 17 | I9: 268
B10: Puerto berrio | C10: 315
B11: Puerto berrio virtual | C11: 19
B12: San Roque | C12: 15
B13: San Roque virtual | C13: 5
B14: Vegachí | C14: 30 | H14: Total capacitaciones | I14: =C16+I9+N8 -> 1624
B15: Virtual | C15: 297
C16: =SUM(C5:C15) -> 931
B42: TRAMITACION DE RUT
B43: Puerto Berrio | C43: 27
B44: El Bagre | C44: 26
B45: San Roque | C45: 98
B46: Yolombó | C46: 103
B47: Virtual | C47: 26
B48: Total | C48: 280

Sheet COBERTURA 
A1: COBERTURA POR PROGRAMA | M1: RETORNO
A3: PROGRAMA | B3: COBERTURA | C3: GRÁFICO
A4: DESARROLLO EMPRESARIAL | B4: ='DESARROLLO EMPRESARIAL'!$K$175 -> 0 | C4: =B4 -> 0
A5: DIRECCIÓN JURÍDICA | B5: ='DIRECCIÓN JURÍDICA'!$K$17 -> 24 | C5: =B5 -> 24
A6: DIRECCIÓN ADMINISTRATIVA | B6: ='DIRECCIÓN ADMINISTRATIVA '!$H$18 -> 133 | C6: =B6 -> 133
A7: REUNIONES | B7: =REUNIONES!$E$9 -> 47 | C7: =B7 -> 47
A8: JOVENES EN CÁMARA | B8: ='JOVENES EN CÁMARA'!$F$15 -> 103 | C8: =B8 -> 103
A9: EVENTOS | B9: =EVENTOS!$F$17 -> 0 | C9: =B9 -> 0
A10: TURISMO | B10: =TURISMO!$F$15 -> 0 | C10: =B10 -> 0
A11: JORNADAS TRAMITACIÓN RUT | B11: ='JORNADAS TRAMITACIÓN RUT'!F15 -> 133 | C11: =B11 -> 133
A12: PROGRAMAS | B12: ='PROGRAMAS '!$F$16 -> 30 | C12: =B12 -> 30
A13: COMISIONES | B13: =COMISIONES!$F$15 -> 0 | C13: =B13 -> 0
A14: Total cobertura | B14: =SUM(B4:B13) -> 470
A24: MODALIDAD | C24: GRÁFICO
A25: Presencial | C25: =B25 -> 0
A26: Virtual | C26: =B26 -> 0
B27: =SUM(B25:B26) -> 0
A44: COBERTURA POR MUNICIPIO | C44: GRÁFICO
A45: Amalfi | C45: =B45 -> 0
A46: Anorí | C46: =B46 -> 0
A47: Caracolí | C47: =B47 -> 0
A48: Cisneros | C48: =B48 -> 0
A49: Cisneros virtual | C49: =B49 -> 0
A50: El Bagre | C50: =B50 -> 0
A51: El Bagre virtual | C51: =B51 -> 0
A52: La Sierra | C52: =B52 -> 0
A53: Maceo | C53: =B53 -> 0
A54: Medellin | C54: =B54 -> 0
A55: Puerto Berrio | C55: =B55 -> 0
A56: Puerto Berrio virtual | C56: =B56 -> 0
... A63: Virtual | C63: =B63 -> 0
B64: =SUM(B45:B63) -> 0
A69: CAPACITACIONES POR MUNICIPIO

Sheet Datos desplegables 
B2: Cobertura informe de capacitaciones | H2: Municipios | J2: Modalidad
B3: 26 | C3: Tramitacion rut | D3: Segovia - Berrio | H3: Amalfi | J3: Virtual | L3: Enero | M3: Rises
B4: 27 | D4: Berrio | H4: Anorí | J4: Presencial | L4: Febrero | M4: Dian
B5: 23 | D5: San roque | H5: Caracolí | J5: Hibrido | L5: Marzo | M5: CCU
B6: 26 | D6: El bagre | H6: Cisneros | L6: Abril | M6: Bancolombia
B7: 24 | C7: Tramitacion rut | D7: Caracolí | H7: El Bagre | L7: Mayo | M7: SENA
B8: 24 | H8: Maceo | L8: Junio | M8: Alcaldía
B9: 49 | H9: Medellin | L9: Julio | M9: CCMMNA
B10: 59 | C10: Tramitacion rut | D10: Virtual | H10: Nechi | L10: Agosto | M10: Policía
B11: 37 | D11: Pto. Berrio | H11: N/I | L11: Septiembre | M11: Comfama
B12: 39 | D12: San roque | H12: Otro | L12: Octubre | M12: Comfenalco
B13: 21 | D13: El bagre | H13: Puerto Berrío | L13: Noviembre | M13: Logyca
B14: 26 | C14: Piso protección social | D14: Virtual | H14: Puerto Nare | L14: Diciembre | M14: Tiendex
B15: 6 | C15: Formalizacion | D15: Pto. Berrio | H15: Puerto Triunfo | M15: OWL
B16: 52 | C16: CONVERSATORIO-INCREMENTO DE PRECIOS EN PRODUCTOS, EN TIEMPOS DE PANDEMIA | D16: Virtual | H16: Remedios | M16: CTA
B17: 28 | C17: CHARLA DE CONTRIBUCIÓN PARAFISCAL | D17: Virtual | H17: San Roque
B18: 121 | C18: FACTURACIÓN Y NÓMINA ELECTRÓNICA | D18: Virtual | H18: Segovia
B19: 33 | C19: BENEFICIOS TRIBUTARIOS PUERTO TRIUNFO | D19: Virtual | H19: Vegachí
B20: 40 | C20: BENEFICIOS TRIBUTARIOS PUERTO NARE | D20: Virtual | H20: Yalí
B21: 19 | C21: REUNIÓN CON EMPRENDEDORES | D21: Virtual | H21: Yolombó
B22: 19 | C22: SERVICIOS DE LA CCMMNA | D22: Pto. Berrio | H22: Yondó
B23: 59 | C23: TARDES DEL EMPRESARIO - REGISTRO DE MARCA | D23: Virtual | H23: Zaragoza
B24: 52 | C24: DIPLOMADO EN GESTIÓN Y FORMULACIÓN DE PROYECTOS | D24: Virtual | H24: Todos
B25: 16 | C25: CREACIÓN VITRINA EMPRESARIAL | D25: Virtual
B26: 13 | C26: Portafolio Servicios CCMMNA | D26: Pto. Berrio
B27: 5 | C27: Formación en Ruta Exportadora: Ruta Cacao | D27: Virtual
B28: 46 | C28: TARDES DEL EMPRESARIO – TRAMITES ANTE EL INVIMA | D28: Virtual
B29: 5 | C29: Formación en Ruta Exportadora: Sistema Moda | D29: Virtual
B30: 40 | C30: Feria de emprendedores del municipio de Puerto Berrio | D30: Pto. Berrio
B31: 243 | C31: Feria de Bancarización en el Municipio de San Roque | D31: San roque
B32: 14 | C32: Reunión con Comerciantes | D32: Pto. Berrio
B33: 28 | C33: Transformación Digital | D33: Virtual
B34: 22 | C34: Concertación Ferias Municipales | D34: Pto. Berrio
B35: 98 | C35: La Magia de Servir con Propósito | D35: Pto. Berrio
B36: 30 | C36: Higiene y Manipulación de Alimentos Vegachí
B37: 62 | C37: Higiene y Manipulación de Alimentos Amalfi
B38: 55 | C38: Pasarela de Pagos | D38: Virtual
B39: 31 | C39: Comisión Subregional del Magdalena Medio | D39: Pto. Berrio
B40: 21 | C40: El arte se servir con estilo | D40: Pto. Berrio
B41: 12 | C41: Tarde el Empresario Sociedades BIC | D41: Virtual
B42: 19 | C42: Mesa de Turismo | D42: Caracolí
B43: 43 | C43: Redes Sociales | D43: Virtual
B44: 53 | C44: Manipulación de Alimentos | D44: Pto. Berrio
B45: 37 | C45: Emprendimientos de mi Tierra | D45: Pto. Berrio
B46: 15 | C46: Socialización Centros de Transformación | D46: El bagre
B47: 11 | C47: Fotografía de producto | D47: Virtual
B48: 21 | C48: Marketing Digital | D48: Virtual
B49: 37 | C49: Mercado Experiencias Campesinas | D49: Pto. Berrio
... B101: 70 | C101: Semana del Empresarial y del Emprendimiento | D101: Pto. berrio
B102: 17
B103: 25
B104: 24 | C104: Servicio al cliente | D104: Caracolí
B105: 31 | C105: Mercados Inteligentes | D105: El bagre
B106: 37 | C106: Feria de Emprendedores | D106: Pto. berrio
B107: 19 | C107: Tardes del Empresario | D107: Virtual
B108: =SUM(B3:B107) -> 3433

Sheet Hoja1
A1: FECHA | B1: ÁREA | C1: TIPO ACTIVIDAD | D1: MODALIDAD | E1: MUNICIPIO | F1: ALIADO | G1: EVENTO | H1: ASISTENTES | I1: DURACIÓN
A2: 44608 | B2: DE | C2: Capacitaciones | D2: Virtual | E2: NA | F2: CTDE | G2: CREACIÓN DE VITRINA EMPRESARIAL | H2: 14 | I2: 2
A3: 44608 | B3: DE | C3: Capacitaciones | D3: Presencial | E3: Caracolí | F3: SENA | G3: MANIPULACIÓN E HIGIENE DE ALIMENTOS | H3: 24 | I3: 4
A4: 44609 | B4: DE | C4: Capacitaciones | D4: Presencial | E4: Caracolí | F4: SENA | G4: MANIPULACIÓN E HIGIENE DE ALIMENTOS | H4: 24 | I4: 4
A5: 44610 | B5: DE | C5: Capacitaciones | D5: Presencial | E5: Caracolí | F5: SENA | G5: MANIPULACIÓN E HIGIENE DE ALIMENTOS | H5: 49 | I5: 4
A6: 44635 | B6: DE | C6: Capacitaciones | D6: Virtual | E6: NA | F6: GRAMALOTE | G6: CONVERSATORIO-INCREMENTO DE PRECIOS EN PRODUCTOS, EN TIEMPOS DE PANDEMIA | H6: 52 | I6: 2
A7: 44703 | B7: DE | C7: Capacitaciones | D7: Virtual | E7: NA | F7: CCMMNA | G7: Vitrina empresarial | H7: 19 | I7: 2
A8: 44719 | B8: DE | C8: Capacitaciones | D8: Presencial | E8: Puerto berrio | F8: CCMMNA | G8: Servicio al cliente - La magia de servir | H8: 97 | I8: 3
A9: 44721 | B9: DE | C9: Capacitaciones | D9: Presencial | E9: Vegachí | F9: SENA | G9: Higiene y Manipulación de Alimentos | H9: 30 | I9: 4
A10: 44721 | B10: DE | C10: Capacitaciones | D10: Virtual | E10: NA | F10: Bamcolombia | G10: Pasarela de pagos | H10: 34 | I10: 2
A11: 44722 | B11: DE | C11: Capacitaciones | D11: Presencial | E11: Amalfi | F11: SENA | G11: Higiene y Manipulación de Alimentos | H11: 62 | I11: 4
A12: 44727 | B12: DE | C12: Capacitaciones | D12: Presencial | E12: Puerto berrio | F12: CCMMNA | G12: El arte de servir con estilo | H12: 23 | I12: 2
A13: 44734 | B13: DE | C13: Capacitaciones | D13: Virtual | E13: NA | F13: CCMMNA | G13: Servicio al cliente | H13: 21 | I13: 2
A14: 44735 | B14: DE | C14: Capacitaciones | D14: Presencial | E14: Puerto berrio | F14: SENA | G14: Higiene y Manipulación de Alimentos | H14: 52 | I14: 4
B15: DE | C15: Capacitaciones | D15: Virtual | E15: NA | F15: RISES | G15: Diplomado en gestión y formulación de proyectos | H15: 35 | I15: 100
A16: 44735 | B16: DE | C16: Capacitaciones | D16: Virtual | E16: Puerto berrio | F16: CDTE | G16: Redes Sociales: Herramientas de apoyo | H16: 11 | I16: 2
A17: 44735 | B17: DE | C17: Capacitaciones | D17: Virtual | E17: Cisneros | F17: CDTE | G17: Redes Sociales: Herramientas de apoyo | H17: 16 | I17: 2
A18: 44735 | B18: DE | C18: Capacitaciones | D18: Virtual | E18: El bagre | F18: CDTE | G18: Redes Sociales: Herramientas de apoyo | H18: 1 | I18: 2
A19: 44735 | B19: DE | C19: Capacitaciones | D19: Virtual | E19: San roque | F19: CDTE | G19: Redes Sociales: Herramientas de apoyo | H19: 3 | I19: 2
A20: 44740 | B20: DE | C20: Capacitaciones | D20: Virtual | E20: El Bagre | F20: CDTE | G20: Herramientas de apoyo para la administración de redes sociales (fotografía digital, marca digital y Canvas) | H20: 1 | I20: 2
A21: 44740 | B21: DE | C21: Capacitaciones | D21: Virtual | E21: Puerto berrio | F21: CDTE | G21: Herramientas de apoyo para la administración de redes sociales (fotografía digital, marca digital y Canvas) | H21: 8 | I21: 2
A22: 44740 | B22: DE | C22: Capacitaciones | D22: Virtual | E22: San roque | F22: CDTE | G22: Herramientas de apoyo para la administración de redes sociales (fotografía digital, marca digital y Canvas) | H22: 1 | I22: 2
A23: 44744 | B23: DE | C23: Capacitaciones | D23: Virtual | E23: NA | F23: Rises | G23: Fotográfia de Producto | H23: 11 | I23: 2
A24: 44749 | B24: DE | C24: Capacitaciones | D24: Virtual | E24: NA | F24: CTDE | G24: Marketing Digital | H24: 6 | I24: 2
A25: 44749 | B25: DE | C25: Capacitaciones | D25: Virtual | E25: Cisneros | F25: CTDE | G25: Marketing Digital | H25: 1 | I25: 2
A26: 44749 | B26: DE | C26: Capacitaciones | D26: Virtual | E26: El Bagre | F26: CTDE | G26: Marketing Digital | H26: 1 | I26: 2
A27: 44749 | B27: DE | C27: Capacitaciones | D27: Virtual | E27: San roque | F27: CTDE | G27: Marketing Digital | H27: 1 | I27: 2
A28: 44790 | B28: DE | C28: Capacitaciones | D28: Virtual | E28: NA | F28: CCMMNA | G28: VITRINA EMPRESARIAL | H28: 21 | I28: 2
A29: 44791 | B29: DE | C29: Capacitaciones | D29: Presencial | E29: Puerto berrio | G29: Fortalecimiento Pitch club de Emprendedores | H29: 16 | I29: 2
A30: 44797 | B30: DE | C30: Capacitaciones | D30: Virtual | E30: NA | F30: CTDE | G30: Redes Sociales - Herramientas de Apoyo para la Administración | H30: 17 | I30: 2
A31: 44799 | B31: DE | C31: Capacitaciones | D31: Presencial | E31: Puerto berrio | G31: PRIMEROS AUXILIOS | H31: 15 | I31: 4
A32: 44824 | B32: DE | C32: Capacitaciones | D32: Presencial | E32: El Bagre | F32: CDTE | G32: Marketing Digital | H32: 14 | I32: 2
A33: 44825 | B33: DE | C33: Capacitaciones | D33: Presencial | E33: El Bagre | F33: CDTE | G33: Redes Sociales y Marketing Digital | H33: 20 | I33: 2
A34: 44825 | B34: DE | C34: Capacitaciones | D34: Virtual | E34: NA | F34: CCU | G34: Tarde el Empresario | H34: 12 | I34: 2
A35: 44826 | B35: DE | C35: Capacitaciones | D35: Presencial | E35: El Bagre | F35: CDTE | G35: Fotografía Digital | H35: 13 | I35: 2
A36: 44826 | B36: DE | C36: Capacitaciones | D36: Presencial | E36: San roque | F36: Gramalote | G36: Fotografía de Producto | H36: 15 | I36: 2
A37: 44853 | B37: DE | C37: Capacitaciones | D37: Virtual | E37: NA | F37: CCU | G37: Tarde del empresario: Qué es el Metaverso | H37: 17 | I37: 2
A38: 44874 | B38: DE | C38: Capacitaciones | D38: Virtual | E38: NA | F38: CCU | G38: Proyecta tu negocia a través de las lineas crédito | H38: 19 | I38: 2
A39: 44881 | B39: DE | C39: Capacitaciones | D39: Presencial | E39: Puerto berrio | F39: RISES | G39: Experiencia del Servicio y Customer Experience 4.0 | H39: 70 | I39: 4
A40: 44882 | B40: DE | C40: Capacitaciones | D40: Presencial | E40: Puerto berrio | F40: RISES | G40: Fotografía de producto con celular para emprendedores | H40: 17 | I40: 4
A41: 44883 | B41: DE | C41: Capacitaciones | D41: Presencial | E41: Puerto berrio | F41: RISES | G41: Marketing Digital para emprendedores | H41: 25 | I41: 4
A42: 44889 | B42: DE | C42: Capacitaciones | D42: Presencial | E42: Caracolí | F42: CCMMNA | G42: Servicio al cliente | H42: 24 | I42: 2
A43: 44902 | B43: DE | C43: Capacitaciones | D43: Virtual | E43: NA | F43: CCU | G43: Tarde del empresario: El Arte se Servir con Estilo | H43: 19 | I43: 2
A44: 44595 | B44: DJ | C44: Capacitaciones | D44: Presencial | E44: Puerto berrio | G44: ARTICULACION CON ACTORES INSTITUCIONALES Y GUBERNAMENTALES | H44: 7 | I44: 2
A45: 44623 | B45: DJ | C45: Capacitaciones | D45: Presencial | E45: Puerto berrio | G45: FORMALIZACION EMPRESARIAL | H45: 6 | I45: 2
A46: 44659 | B46: DJ | C46: Capacitaciones | D46: Presencial | E46: Anorí | F46: EJERCITO NACIONAL | G46: CAPACITACION EN TEMAS DE CREACION DE EMPRESAS | H46: 22 | I46: 2
A47: 44671 | B47: DJ | C47: Capacitaciones | D47: Virtual | E47: NA | F47: CCMA | G47: REGISTRO DE MARCA (Camila Zapata Garces) | H47: 67 | I47: 2
A48: 44669 | B48: DJ | C48: Capacitaciones | D48: Presencial | E48: Puerto berrio | F48: CCMMNA | G48: REUNIÓN COMO FORMALIZAR TU NEGOCIO (DIANA BEDOYA) | H48: 19 | I48: 2
A49: 44699 | B49: DJ | C49: Capacitaciones | D49: Virtual | E49: NA | F49: INVIMA | G49: TRAMITES DE ALIMENTOS ANTE EL INVIMA | H49: 46 | I49: 2
A50: 44734 | B50: DJ | C50: Capacitaciones | D50: Virtual | E50: NA | F50: CONFECÁMAS | G50: EMPRESAS BIC | H50: 12 | I50: 2
A51: 44819 | B51: DJ | C51: Capacitaciones | D51: Presencial | E51: Puerto berrio | G51: FORMALIZACIÓN Y ASPECTOS JURÍDICOS (DIANA BEDOYA) | H51: 15 | I51: 2
A52: 44819 | B52: DJ | C52: Capacitaciones | D52: Virtual | E52: NA | G52: SIAT | H52: 31 | I52: 2
A53: 44805 | B53: DJ | C53: Capacitaciones | D53: Presencial | E53: Puerto triunfo | F53: CCMMNA | G53: SIAT PRESENCIAL Mesa de Turismo Puerto Triunfo | H53: 43 | I53: 4
A54: 44600 | B54: DA | C54: Capacitaciones | D54: Virtual | E54: NA | F54: DIAN | G54: RÉGIMEN SIMPLE DE TRIBUTACIÓN, FACTURA Y NÓMINA ELECTRÓNICA | H54: 59 | I54: 2
A55: 44607 | B55: DA | C55: Capacitaciones | D55: Presencial | E55: Puerto berrio | F55: DIAN | G55: RÉGIMEN SIMPLE DE TRIBUTACIÓN, FACTURA Y NÓMINA ELECTRÓNICA | H55: 37 | I55: 2
A56: 44609 | B56: DA | C56: Capacitaciones | D56: Presencial | E56: San roque | F56: DIAN | G56: RÉGIMEN SIMPLE DE TRIBUTACIÓN, FACTURA Y NÓMINA ELECTRÓNICA | H56: 39 | I56: 2
A57: 44614 | B57: DA | C57: Capacitaciones | D57: Presencial | E57: El Bagre | F57: DIAN | G57: RÉGIMEN SIMPLE DE TRIBUTACIÓN, FACTURA Y NÓMINA ELECTRÓNICA | H57: 21 | I57: 2
A58: 44615 | B58: DA | C58: Capacitaciones | D58: Virtual | E58: NA | F58: COLPENSIONES | G58: PISO PROTECCIÓN SOCIAL | H58: 26 | I58: 2
A59: 44643 | B59: DA | C59: Capacitaciones | D59: Virtual | E59: NA | F59: FONTUR | G59: CHARLA DE CONTRIBUCIÓN PARAFISCAL | H59: 28 | I59: 2
A60: 44644 | B60: DA | C60: Capacitaciones | D60: Virtual | E60: NA | F60: DIAN | G60: FACTURACIÓN Y NÓMINA ELECTRÓNICA | H60: 121 | I60: 2
A61: 44652 | B61: DA | C61: Capacitaciones | D61: Virtual | E61: NA | F61: PTO NARE | G61: BENEFICIOS TRIBUTARIOS | H61: 40 | I61: 2
A62: 44827 | B62: DA | C62: Capacitaciones | D62: Presencial | E62: Puerto berrio | F62: CTDE | G62: Administre los costos de tu empresa | H62: 35 | I62: 2
A63: 44874 | B63: DA | C63: Capacitaciones | D63: Presencial | E63: NA | F63: CCU | G63: Proyecta tu negocio a través de lineas especiales de crédito | H63: 19 | I63: 2
A64: 44774 | B64: DE | C64: Reunion | D64: Presencial | E64: Puerto berrio | F64: ALCADÍA | G64: Reunión BARES INZONORIZADOS | H64: 28 | I64: 2
... A81: 44859 | B81: DE | C81: Programa | D81: Presencial | E81: Maceo | F81: CCMMNA | G81: Mesa de turismo maceo - Mesas de turismo | H81: 9 | I81: 4
A82: 44573 | B82: DE | C82: Programa | D82: Presencial | E82: Puerto berrio | G82: REUNIÓN MAGDALENA TRAVESÍA MÁGICA - TURISMO | H82: 13 | I82: 3
A83: 44763 | B83: DE | C83: Programa | D83: Presencial | E83: Yolombo | G83: Mesa de TurismoSubregional - TURISMO | H83: 19 | I83: 2
A84: 44785 | B84: DE | C84: Programa | D84: Presencial | E84: Maceo | G84: Proyecto Turismo Maceo | H84: 7 | I84: 3
A85: 44817 | B85: DE | C85: Programa | D85: Presencial | E85: Yolombo | F85: Gramalote | G85: Celebración día el turismo | H85: 40 | I85: 4
A86: 44600 | B86: DJ | C86: Tramitación rut | D86: Virtual | E86: NA | F86: DIAN | G86: TRAMITACIÓN RUT SEGOVIA-BERRIO | H86: 26 | I86: 8
A87: 44607 | B87: DJ | C87: Tramitación rut | D87: Presencial | E87: Puerto berrio | F87: DIAN | G87: TRAMITACIÓN RUT | H87: 27 | I87: 8
A88: 44609 | B88: DJ | C88: Tramitación rut | D88: Presencial | E88: San roque | F88: DIAN | G88: TRAMITACIÓN RUT | H88: 23 | I88: 8
A89: 44614 | B89: DJ | C89: Tramitación rut | D89: Presencial | E89: El Bagre | F89: DIAN | G89: TRAMITACIÓN RUT | H89: 26 | I89: 8
A90: 44867 | B90: DJ | C90: Tramitación rut | D90: Presencial | E90: San roque | F90: Cámara - Gramalote | G90: Expedición del rut | H90: 75 | I90: 8
A91: 44868 | B91: DJ | C91: Tramitación rut | D91: Presencial | E91: Yolombo | F91: Cámara - Gramalote | G91: Expedición del rut | H91: 103 | I91: 8
A92: 44678 | B92: DE | C92: Programa | D92: Virtual | E92: NA | F92: CFA, SENA, Autopistas, SER | G92: CRECER ES POSIBLE | H92: 145 | I92: 30
A93: 44791 | B93: DE | C93: Programa | D93: Virtual | E93: NA | F93: CFA, SENA, Autopistas, SER | G93: EMPRÉNDELO | H93: 54 | I93: 15
B94: DE | C94: Programa | D94: Virtual | E94: NA | G94: EMPREDE TU FUTURO MÁS IDEAS MÁS EMPRESAS
A95: 44895 | B95: DE | C95: Programa | D95: Presencial | E95: Puerto berrio | F95: CTA, UPB | G95: ECONOMIA CIRCULAR. La intervención se realizará en 15 empresas | H95: 15 | I95: 80
A96: 44895 | B96: DE | C96: Programa | D96: Presencial | E96: Puerto berrio | F96: CTA, UPB | G96: ECONOMIA CIRCULAR. La intervención en 9 profesionales | H96: 9 | I96: 80
A97: 44726 | B97: DE | C97: Comisiones | D97: Presencial | E97: Puerto berrio | G97: Socialización del indice municipal - COMISIONES SUBREGIONALES | H97: 36 | I97: 4
A98: 44754 | B98: DE | C98: Comisiones | D98: Presencial | E98: Cisneros | G98: TALLER Y PRESENTACION IMCA NORDESTE COMISIONES SUBREGIONALES | H98: 25 | I98: 4
A99: 44755 | B99: DE | C99: Comisiones | D99: Presencial | E99: Puerto berrio | G99: Taller del Índice Municipal de Competitividad - COMISIONES SUBREGIONALES | H99: 19 | I99: 2
A100: 44862 | B100: DE | C100: Comisiones | D100: Presencial | E100: Puerto berrio | G100: CUE Magdalena Medio - COMISIONES SUBREGIONALES
A101: 44862 | B101: DE | C101: Comisiones | D101: Presencial | E101: Puerto berrio | F101: UDEA, Alcaldía, Comfama, Comfenalco, aliados | G101: CUEE Magdalena medio - Comisiones | H101: 69 | I101: 4
A102: 44856 | B102: DE | C102: Comisiones | D102: Presencial | E102: Puerto berrio | F102: CCMMNA | G102: Taller de negocios verdes - Comisiones subregionales | H102: 28 | I102: 4

Sheet Hoja2
A1: Etiquetas de fila | B1: Suma de ASISTENTES
A2: DA | B2: 425
A3: Capacitaciones | B3: 425
A4: DE | B4: 1842
A5: Capacitaciones | B5: 1006
A6: Comisiones | B6: 177
A7: Eventos | B7: 320
A8: Programa | B8: 311
A9: Reunion | B9: 28
A10: DJ | B10: 548
A11: Capacitaciones | B11: 268
A12: Tramitación rut | B12: 280
A13: Total general | B13: 2815
